 Dungeon Crawl Stone Soup version 0.27.1-35-g4d5d836560 (webtiles) character file.

Game seed: 2196174416120644976

2 Romesagentofchaos the Sneak (level 1, 0/14 HPs)
             Began as an Octopode Brigand on Jan 10, 2023.
             Constricted to death by a ball python (1 damage)
             ... on level 1 of the Dungeon.
             The game lasted 00:00:16 (22 turns).

Romesagentofchaos the Sneak (Octopode Brigand)        Turns: 22, Time: 00:00:17

Health: 0/14       AC:  1    Str: 10    XL:     1   Next: 40%
Magic:  1/1        EV:  9    Int: 13    God:
Gold:   0          SH:  0    Dex: 13    Spells: 0/0 levels left

rFire    . . .     SeeInvis .   a - +2 dagger
rCold    . . .     Faith    .   (no shield)
rNeg     . . .     Spirit   .   (helmet restricted)
rPois    .         Reflect  .   (no amulet)
rElec    .         Harm     .   (no ring)
rCorr    .         Rampage  .   (no ring)
Will     .....                  (no ring)
Stlth    ++++......             (no ring)
HPRegen  0.04/turn              (no ring)
MPRegen  0.07/turn              (no ring)
                                (no ring)
                                (no ring)

@: constricted
A: almost no armour, amphibious, 8 rings, camouflage 1, gelatinous body 1,
(nimble swimmer 1), tentacles
a: no special abilities


You were on level 1 of the Dungeon.
You visited 1 branch of the dungeon, and saw 1 of its levels.

Inventory:

Hand Weapons
 a - a +2 dagger (weapon)
Missiles
 b - 8 poisoned darts (quivered)
 c - 2 curare-tipped darts


   Skills:
 + Level 2.0 Fighting
 + Level 2.0 Short Blades
 + Level 2.0 Throwing
 + Level 1.0 Dodging
 + Level 5.5 Stealth


You couldn't memorise any spells.
You didn't know any spells.
Your spell library was empty.

Dungeon Overview and Level Annotations

Branches:
Dungeon (1/15)

Altars:


Innate Abilities, Weirdness & Mutations

You cannot wear most types of armour.
You are amphibious.
You can wear up to eight rings at the same time.
Your skin changes colour to match your surroundings (Stealth+).
Your rubbery body absorbs attacks. (AC +1, EV +1)
((You are camouflaged near water. (Stealth+)))
You have tentacles for arms and can constrict up to eight enemies at once.


Message History

You open the huge gate.
A ball python and a dart slug come into view.
A dart slug comes into view.
The dart slug launches a dart at you. The slug dart hits you.
There is a huge open gate here.
A ball python comes into view.
You hit the dart slug but do no damage. You grab the dart slug.
You constrict the dart slug, but do no damage.
The ball python hisses angrily.
You hit the dart slug. You squeeze the dart slug.
The dart slug is heavily wounded.
You constrict the dart slug. The dart slug launches a dart at you.
The slug dart misses you. The dart slug bites you.
You hit the dart slug.
The dart slug is severely wounded.
You constrict the dart slug. The ball python completely misses you.
The ball python misses you. The dart slug launches a dart at you.
The slug dart misses you.
You hit the dart slug.
You kill the dart slug!
The ball python bites you. The ball python grabs you.
The ball python constricts you. The ball python barely misses you.
The ball python constricts you.
You barely miss the ball python. You grab the ball python.
You constrict the ball python. The dart slug bites you.
* * * LOW HITPOINT WARNING * * *
The ball python bites you.
* * * LOW HITPOINT WARNING * * *
The ball python constricts you.
* * * LOW HITPOINT WARNING * * *
The ball python barely misses you.
You hit the dart slug but do no damage. You grab the dart slug.
You constrict the dart slug. You constrict the ball python.
The ball python bites you.
* * * LOW HITPOINT WARNING * * *
The ball python constricts you.
You die...

#.... ..
###....##.. .
.....#... ..
....... #
...###.....##.#
.........#....#
...........# .#
##..S@w..# .####
#...S....##.....
#..............#
......##'''''##..
....###.......###
...##...........#
... #...........#
..
######'''#######
g#...........#K#


You could see a dart slug and 2 ball pythons.

Vanquished Creatures
  A dart slug (D:1)
1 creature vanquished.

Notes
Turn   | Place    | Note
-------+----------+-------------------------------------------
     0 | D:1      | Romesagentofchaos the Octopode Brigand began the quest for
                  | the Orb.
     0 | D:1      | Reached XP level 1. HP: 14/14 MP: 1/1
    22 | D:1      | Constricted to death by a ball python

Illustrated notes

Levels and vault maps discovered:
D:1:      lordsloth_arrival_two_stooges, layout_rooms

Action                   || total
-------------------------++-------
Melee: Dagger            ||     6
       Constrict         ||     3
       Tentacles         ||     1
Dodge: Dodged            ||     6
